 Dungeon Crawl Stone Soup version 0.26.1-11-gd32895ea62 (webtiles) character file.

Game seed: 9282121365589803236

12572 infcreate the Covert (level 11, 0/63 HPs)
             Began as a Vampire Enchanter on Apr 17, 2021.
             Was a Priest of Dithmenos.
             Slain by a killer bee (8 damage)
             ... on level 11 of the Dungeon.
             The game lasted 00:43:02 (14180 turns).

infcreate the Covert (Vampire Enchanter)           Turns: 14180, Time: 00:43:03

Health: 0/63       AC: 10    Str:  7    XL:     11   Next: 64%
Magic:  21/22      EV: 20    Int: 18    God:    Dithmenos [***...]
Gold:   724        SH:  0    Dex: 21    Spells: 9/25 levels left

rFire    . . .     SeeInvis +   g - +4 rapier (vamp)
rCold    + + .     Faith    .   (no shield)
rNeg     + + +     Spirit   .   b - +0 robe
rPois    ∞         Reflect  .   (no helmet)
rElec    .         Harm     .   k - +1 cloak
rCorr    .         Rampage  .   y - +1 pair of gloves {Dex+3}
Will     +....                  (no boots) Stlth ***+++++++
                                (no amulet)
HPRegen  0.00/turn              Q - ring of stealth
MPRegen  0.18/turn              O - +4 ring of protection

@: confusing touch, bloodless, wreathed by umbra
A: fangs 3, see invisible, unbreathing
a: Bat Form, Revivify, Renounce Religion, Shadow Step


You were on level 11 of the Dungeon.
You worshipped Dithmenos.
Dithmenos was most pleased with you.
You visited 2 branches of the dungeon, and saw 12 of its levels.
You also visited: Ossuary and Bailey.

You collected 839 gold pieces.
You spent 115 gold pieces at shops.


Innate Abilities, Weirdness & Mutations

You do not regenerate when monsters are visible.
You are frail without blood (-20% HP).
You can heal yourself when you bite living creatures.
You are immune to poison.
You have razor-sharp teeth.
You have supernaturally acute eyesight. (SInv)
You can survive without breathing.


   Skills:
 + Level 5.0 Fighting
 * Level 8.9 Short Blades
 * Level 9.0 Dodging
 * Level 12.9 Stealth
 * Level 7.6 Spellcasting
 * Level 12.0 Hexes


You had 9 spell levels left.
You knew the following spells:

 Your Spells              Type           Power        Failure   Level
c - Corona                Hex            55%          1%          1
d - Tukima's Dance        Hex            50%          1%          3
e - Ensorcelled Hibernat  Hex/Ice        56%          1%          2
f - Dazzling Flash        Conj/Hex       56%          2%          3
p - Fulminant Prism       Conj/Hex       14%          9%          4
t - Confusing Touch       Hex            50%          1%          3

Your spell library contained the following spells:

 Spells                   Type           Power        Failure   Level
 Slow                     Hex            50%          1%          2
 Magic Dart               Conj           24%          10%         1
 Blink                    Tloc           N/A          16%         2
 Call Imp                 Summ           6%           16%         2
 Searing Ray              Conj           12%          16%         2
 Conjure Flame            Conj/Fire      6%           30%         3
 Mephitic Cloud           Conj/Pois/Air  6%           30%         3
 Iskenderun's Mystic Bla  Conj/Tloc      6%           69%         4

Inventory:

Hand Weapons
 a - a +2 dagger
 g - a +4 vampiric rapier (weapon)
Missiles
 J - 3 throwing nets {=f}
Armour
 b - a +0 robe (worn)
 i - a +0 pair of boots
 k - a +1 cloak (worn)
 y - a +1 pair of gloves of dexterity (worn)
 F - a +2 hat
Magical Staves
 I - an uncursed staff of conjuration {!a, unknown}
Jewellery
 E - a +4 ring of evasion
 G - an uncursed amulet of reflection {unknown}
 O - a +4 ring of protection (right hand)
 Q - a ring of stealth (left hand)
Wands
 o - a wand of paralysis (21)
 x - a wand of polymorph (11)
 H - a wand of enslavement (8)
Scrolls
 d - a scroll of fog
 e - 2 scrolls of blinking
 f - 8 scrolls of remove curse {@r2}
 m - 7 scrolls of identify {@r1}
 n - 3 scrolls of immolation
 p - 11 scrolls of teleportation {@r4}
 q - 3 scrolls of amnesia
 t - 3 scrolls of magic mapping
 A - a scroll of acquirement {unknown}
 B - a scroll of vulnerability {unknown}
Potions
 c - 2 potions of experience {unknown}
 h - 3 potions of magic
 j - 2 potions of brilliance
 l - 4 potions of attraction
 r - 3 potions of flight {unknown}
 s - 5 potions of heal wounds {@q2}
 u - a potion of haste {@q3}
 v - 3 potions of resistance {unknown}
 w - 2 potions of curing {unknown}
 z - 2 potions of might
 C - a potion of ambrosia {unknown}
 D - 2 potions of lignification {unknown}

Dungeon Overview and Level Annotations

Branches:
Dungeon (11/15)            Temple (1/1) D:5            Lair (0/6) D:8
    Orc (0/2) D:10        Ossuary (visited)          Bailey (visited)

Altars:
Ashenzari
Cheibriados
Dithmenos
Elyvilon
Fedhas
Gozag
Hepliaklqana
Kikubaaqudgha
Makhleb
Nemelex Xobeh
Okawaru
Qazlal
Ru
Sif Muna
Trog
Uskayaw
Vehumet
Wu Jian
Xom
Yredelemnul
Zin
The Shining One

Shops:
D:4

*((:[ ######## ### #
#......# #.. .# #......#
#.#####.### #......#
#.#....... #......#
#.#...#.####
#....<.#####.#.........
#......@y.....#../.####.
#.....>.y..KT....K.(....
#.......#####.#.....##.
.....#...# #.#...).#
gg.....#...# #.##..#.#
g......#...#####.#####(###.
.......#..............y...K
.#######.#)#########.#.###.
#...# #...#


You could see a troll, 2 killer bees and a kobold.


Message History

The troll bites you. The troll completely misses you. The troll claws you!
* * * LOW HITPOINT WARNING * * *
The killer bee completely misses you.
You hit the troll but do no damage.
The killer bee stings you but does no damage.
The troll bites you!
* * * LOW HITPOINT WARNING * * *
The troll misses you. The troll claws you!
* * * LOW HITPOINT WARNING * * *
You hit the troll but do no damage. The killer bee closely misses you.
The killer bee misses you.
The killer bee stings you but does no damage.
The killer bee barely misses you.
Things that are here:
a +0 shortbow; 29 arrows; a centaur corpse The killer bee stings you but does no damage.
The killer bee barely misses you. The killer bee misses you.
The killer bee misses you.
A kobold demonologist comes into view. It is wielding a +0 dagger.
The killer bee barely misses you. The killer bee misses you.
The killer bee completely misses you. x2; The killer bee misses you.
The killer bee stings you.
* * * LOW HITPOINT WARNING * * *
The killer bee completely misses you.
The killer bee stings you but does no damage.
The killer bee stings you.
* * * LOW HITPOINT WARNING * * *
The killer bee stings you!
You die...

Skill      XL: |  1  2  3  4  5  6  7  8  9 10 11 |
---------------+----------------------------------+-----
Stealth        | 5 6 7 9 10 11 12 | 12.9
Hexes          | 5 6 7 8 9 11 12 | 12.0
Short Blades   | 2 3 4 5 6 7 8 |  8.9
Dodging        | 3 4 5 6 8 9 |  9.0
Fighting       | 1 2 3 4 5 |  5.0
Spellcasting   | 3 4 5 6 7 |  7.6

Action                   |  1- 3 |  4- 6 |  7- 9 | 10-12 || total
-------------------------+-------+-------+-------+-------++-------
Melee: Dagger            |    54 |    77 |    77 |   220 ||   428
       Bite              |       |     9 |    35 |    52 ||    96
       Rapier            |       |       |   334 |   227 ||   561
 Cast: Corona            |    11 |     7 |    30 |     7 ||    55
       Ensorcelled Hiber |     5 |    24 |    31 |    23 ||    83
       Confusing Touch   |     1 |     4 |    21 |    34 ||    60
       Tukima's Dance    |       |     2 |     5 |     8 ||    15
       Dazzling Flash    |       |       |     4 |       ||     4
Invok: Shadow Step       |       |       |       |     2 ||     2
 Abil: Exsanguinate      |     1 |       |       |       ||     1
  Use: Scroll            |     2 |     2 |    18 |     2 ||    24
       Potion            |       |       |     3 |       ||     3
 Stab: Sleeping          |    24 |    13 |    42 |    57 ||   136
       Confused          |     1 |     7 |    17 |    35 ||    60
Armor: Robe              |     4 |     6 |    64 |    64 ||   138
Dodge: Dodged            |    23 |    44 |   416 |   276 ||   759

Levels and vault maps discovered:
D:1:      dpeg_arrival_renting, layout_loops_ring
D:2:      layout_basic
D:3:      layout_basic, uniq_crazy_yiuf_cottage, uniq_grinder
D:4:      layout_basic, yredelemnul_forgotten_temple_becter,
          gammafunk_temple_overflow_statue, serial_shops, nicolae_shop_stone,
          shop, shop_statue, nicolae_shop_overgrown_old_shop,
          nicolae_shop_waterfront, serial_bayou_lake_a, uniq_pikel
D:5:      layout_loops_cross, lemuel_zombie_altar_kikubaaqudgha, slow_altar_2,
          minmay_temple_entry_glassed_door, enter_ossuary_3, bloody_trog
D:6:      layout_basic, nicolae_gozag_seed_capital
D:7:      layout_basic, enter_bailey_3, makhleb_blood_cavern_becter
D:8:      minmay_the_grid_plus [minmay_the_grid_large_cup,
          minmay_the_grid_minigrid_small, minmay_the_grid_minigrid_large,
          minmay_the_grid_dragon_a, minmay_the_grid_prize_inner_circle],
          layout_basic, lair_entry_dummy
D:9:      layout_stronghold
D:10:     layout_small_grid, hiddenorc1_lemuel, uniq_snorg
D:11:     layout_basic, dk_vineyard_3, uniq_josephine, uniq_harold
Temple:   regret_index_temple_sphere_string

Notes
Turn   | Place    | Note
-------+----------+-------------------------------------------
     0 | D:1      | infcreate the Vampire Enchanter began the quest for the
                  | Orb.
     0 | D:1      | Reached XP level 1. HP: 13/13 MP: 3/3
   495 | D:1      | Reached XP level 2. HP: 7/15 MP: 1/5
   646 | D:1      | Learned a level 2 spell: Ensorcelled Hibernation
  2266 | D:3      | Reached XP level 3. HP: 19/19 MP: 6/6
  2328 | D:3      | Reached skill level 5 in Stealth
  2384 | D:3      | Noticed Grinder
  2531 | D:2      | Learned a level 3 spell: Confusing Touch
  2541 | D:3      | Reached skill level 5 in Hexes
  2541 | D:3      | Reached XP level 4. HP: 24/24 MP: 4/7
  2843 | D:3      | Reached skill level 2 in Short Blades
  2992 | D:3      | Found a runed translucent door.
  2993 | D:3      | Noticed Crazy Yiuf
  3009 | D:3      | Killed Crazy Yiuf
  3010 | D:3      | Reached skill level 3 in Dodging
  3367 | D:3      | Paralysed by Grinder for 5 turns
  3386 | D:3      | Killed Grinder
  3387 | D:3      | Reached skill level 1 in Fighting
  3387 | D:3      | Reached skill level 6 in Stealth
  3387 | D:3      | Reached skill level 3 in Spellcasting
  3387 | D:3      | Reached XP level 5. HP: 15/29 MP: 7/9
  3387 | D:3      | Reached XP level 6. HP: 18/34 MP: 7/10
  3719 | D:4      | Learned a level 3 spell: Tukima's Dance
  3737 | D:4      | Found a radiant altar of Vehumet.
  3737 | D:4      | Found a sacrificial altar of Ru.
  3787 | D:4      | Reached skill level 3 in Short Blades
  3823 | D:4      | Reached skill level 6 in Hexes
  3943 | D:4      | Noticed Pikel
  4074 | D:4      | Reached skill level 4 in Dodging
  4153 | D:4      | Found Orios's Book Shoppe.
  4271 | D:4      | Reached XP level 7. HP: 35/38 MP: 9/12
  4308 | D:4      | Found Sago's Armour Shop.
  4420 | D:4      | Found Wetichyxt's Weapon Shoppe.
  4538 | D:4      | Found Vapsom's Weapon Boutique.
  4707 | D:4      | Reached skill level 7 in Stealth
  4815 | D:4      | Found a basalt altar of Yredelemnul.
  5006 | D:4      | Found Qadgheu's Assorted Antiques.
  5198 | D:5      | Entered Level 5 of the Dungeon
  5213 | D:5      | Found a sand-covered staircase.
  5224 | Ossuary  | Entered an ossuary
  5669 | D:5      | Found a bloodstained altar of Trog.
  5695 | D:5      | Reached skill level 2 in Fighting
  5788 | D:5      | Reached skill level 4 in Short Blades
  5788 | D:5      | Reached skill level 4 in Spellcasting
  5788 | D:5      | Reached skill level 7 in Hexes
  5880 | D:5      | Found a staircase to the Ecumenical Temple.
  5884 | Temple   | Entered the Ecumenical Temple
  5988 | Temple   | Became a worshipper of Dithmenos the Shadowed
  6042 | D:5      | Reached XP level 8. HP: 44/44 MP: 5/14
  6287 | D:5      | Reached skill level 8 in Stealth
  6348 | D:5      | Reached skill level 5 in Dodging
  6496 | D:5      | Found an ancient bone altar of Kikubaaqudgha.
  6500 | D:5      | Reached * piety under Dithmenos
  6702 | D:5      | Found a snail-covered altar of Cheibriados.
  7174 | D:4      | Bought a +0 pair of gloves of dexterity for 115 gold pieces
  7200 | D:4      | Killed Pikel
  7201 | D:4      | Reached skill level 5 in Short Blades
  7201 | D:4      | Reached skill level 9 in Stealth
  7201 | D:4      | Reached skill level 8 in Hexes
  7344 | D:6      | Found an opulent altar of Gozag.
  7713 | D:6      | Reached XP level 9. HP: 49/49 MP: 16/16
  7715 | D:6      | Reached skill level 5 in Spellcasting
  8401 | D:7      | Found a flagged portal.
  8431 | Bailey   | Entered a bailey
  8439 | Bailey   | Noticed an orc warlord
  8482 | Bailey   | Reached skill level 3 in Fighting
  8511 | Bailey   | Learned a level 3 spell: Dazzling Flash
  8594 | Bailey   | Noticed an orc knight
  8666 | Bailey   | Reached ** piety under Dithmenos
  8679 | Bailey   | Killed an orc knight
  8680 | Bailey   | Reached skill level 6 in Dodging
  8680 | Bailey   | Reached skill level 9 in Hexes
  8881 | Bailey   | Found a runed translucent gate.
  8882 | Bailey   | Found a runed translucent gate.
  8883 | Bailey   | Found a runed translucent gate.
  9017 | Bailey   | Killed an orc warlord
  9018 | Bailey   | Reached skill level 6 in Short Blades
  9018 | Bailey   | Reached skill level 10 in Stealth
  9018 | Bailey   | Reached XP level 10. HP: 41/56 MP: 9/18
  9152 | D:7      | Reached skill level 6 in Spellcasting
  9191 | D:7      | Reached skill level 7 in Dodging
  9310 | D:7      | Reached skill level 10 in Hexes
  9765 | D:7      | Found a burning altar of Makhleb.
  9771 | D:7      | Reached skill level 7 in Short Blades
 10251 | D:8      | Noticed a two-headed ogre
 10445 | D:8      | Reached skill level 11 in Stealth
 10594 | D:8      | Reached skill level 4 in Fighting
 10680 | D:7      | Reached *** piety under Dithmenos
 10963 | D:8      | Killed a two-headed ogre
 11049 | D:8      | Found a staircase to the Lair.
 11064 | D:8      | Noticed a red ugly thing
 11098 | D:8      | Killed a red ugly thing
 11099 | D:8      | Noticed a boulder beetle
 11100 | D:8      | Noticed a red ugly thing
 11110 | D:8      | Killed a red ugly thing
 11133 | D:8      | Killed a boulder beetle
 11134 | D:8      | Reached skill level 8 in Dodging
 11134 | D:8      | Reached skill level 11 in Hexes
 12018 | D:9      | Learned a level 4 spell: Fulminant Prism
 12110 | D:9      | Reached XP level 11. HP: 62/62 MP: 21/21
 12120 | D:9      | Reached skill level 8 in Short Blades
 12306 | D:9      | Reached skill level 12 in Stealth
 12306 | D:9      | Reached skill level 7 in Spellcasting
 12364 | D:9      | Noticed a four-headed hydra
 12366 | D:9      | Killed a four-headed hydra
 12735 | D:9      | Reached **** piety under Dithmenos
 12985 | D:10     | Entered Level 10 of the Dungeon
 13516 | D:10     | Noticed Snorg
 13520 | D:10     | Noticed a two-headed ogre
 13521 | D:10     | Killed Snorg
 13606 | D:10     | Killed a two-headed ogre
 13810 | D:10     | Found a staircase to the Orcish Mines.
 14076 | D:11     | Noticed Harold
 14085 | D:11     | Killed Harold
 14086 | D:11     | Reached skill level 5 in Fighting
 14086 | D:11     | Reached skill level 9 in Dodging
 14086 | D:11     | Reached skill level 12 in Hexes
 14180 | D:11     | Slain by a killer bee

Vanquished Creatures
  An orc warlord (Bailey)
  Snorg (D:10)
  A hydra (D:9)
  Harold (D:11)
  A boulder beetle (D:8)
  Pikel (D:4)
  An orc knight (Bailey)
  2 ugly things (D:8)
  Grinder (D:3)
  6 yaks (D:9)
  An acid dragon (D:8)
  A sky beast (D:5)
  2 phantoms
  A hornet zombie (D:10)
  7 orc warriors
  3 necrophages
  An ice beast (D:8)
  3 ogres
  6 centaurs
  4 lemures (D:4)
  A big kobold (D:7)
  5 bullfrogs
  A wyvern skeleton (D:10)
  A wyvern zombie (D:10)
  A water moccasin skeleton (D:4)
  4 scorpions
  7 killer bees
  A howler monkey (D:4)
  3 jellies
  3 centaur zombies
  A bullfrog zombie (D:9)
  A quasit (D:8)
  6 hounds
  An orc priest (D:10)
  A bullfrog skeleton (D:9)
  7 orc wizards
  A centaur skeleton (D:7)
  Crazy Yiuf (D:3)
  5 iguanas
  4 worker ants
  A killer bee zombie (D:7)
  A big kobold zombie (Ossuary)
  3 hound zombies
  2 hound skeletons
  4 mummies
  2 worker ant zombies
  18 gnolls
  9 adders
  3 shadow imps
  3 white imps
  An ufetubus (D:8)
  2 oozes (D:3)
  5 adder zombies (Ossuary)
  2 adder skeletons
  3 worms
  2 dart slugs
  7 leopard geckos
  39 orcs
  2 bat zombies (D:5)
  2 giant cockroaches
  A gnoll zombie (D:5)
  12 goblins
  9 hobgoblins
  7 jackals
  2 quokkas
  A ball python (D:3)
  5 bats
  4 frilled lizards
  2 goblin zombies (Ossuary)
  5 hobgoblin zombies (Ossuary)
  7 jackal zombies (Ossuary)
  20 kobolds
  6 kobold zombies
  A leopard gecko skeleton (D:4)
  An orc zombie (Ossuary)
  A quokka skeleton (D:9)
  2 quokka zombies (Ossuary)
  5 rats
  3 rat zombies (Ossuary)
  A spectral orc (D:4)
306 creatures vanquished.

Vanquished Creatures (collateral kills)
  2 two-headed ogres
  2 ogres (D:4)
4 creatures vanquished.

Vanquished Creatures (others)
  3 dancing weapons
  A fungus (D:3)
  17 plants (D:4)
21 creatures vanquished.

Grand Total: 331 creatures vanquished

Table legend: (Time is in decaauts)
 A = Elapsed time spent in this place.
 B = Non-inter-level travel time spent in this place.
 C = Inter-level travel time spent in this place.
 D = Time resting spent in this place.
 E = Time spent auto-exploring this place.
 F = Levels seen in this place.
 G = Mean time per level.
                   A        B        C        D        E       F      G
               +--------+--------+--------+--------+--------+-----+--------+
         Total |  14002 |  13355 |    647 |   1277 |   8379 |  14 | 1000.1 |
       Dungeon |  12773 |  12150 |    623 |   1036 |   8048 |  11 | 1161.2 |
        Temple |    129 |    105 |     24 |      0 |     99 |   1 |  129.0 |
       Ossuary |    425 |    425 |      0 |     10 |    134 |   1 |  425.0 |
        Bailey |    674 |    674 |      0 |    230 |     98 |   1 |  674.0 |
               +--------+--------+--------+--------+--------+-----+--------+

Top non-repeatable levels by time:
     D:4: 1645 daAuts
     D:3: 1428 daAuts
     D:1: 1368 daAuts
     D:8: 1362 daAuts
     D:5: 1335 daAuts
     D:9: 1320 daAuts
     D:7: 1181 daAuts
     D:6: 1109 daAuts
    D:10: 997 daAuts
     D:2: 929 daAuts
  Bailey: 674 daAuts
 Ossuary: 425 daAuts
  Temple: 129 daAuts
    D:11: 94 daAuts

Table legend:
 A = Non-vault XP
 B = Vault XP
 C = Vault XP percentage of total XP
 D = Non-vault monster count
 E = Vault monster count
 F = Vault count percentage of total count
                 A         B        C        D         E       F
            +---------+---------+-------+---------+---------+-------
      Total |    8434 |    9526 |  53.0 |     197 |     109 |  35.6
            +---------+---------+-------+---------+---------+-------
        D:1 |      26 |       0 |   0.0 |      16 |       0 |   0.0
        D:2 |      14 |       0 |   0.0 |       9 |       0 |   0.0
        D:3 |      98 |     313 |  76.2 |      22 |       2 |   8.3
        D:4 |     438 |     664 |  60.3 |      18 |       2 |  10.0
        D:5 |     845 |      25 |   2.9 |      25 |       5 |  16.7
        D:6 |     230 |       0 |   0.0 |      14 |       0 |   0.0
        D:7 |    1012 |     187 |  15.6 |      22 |       8 |  26.7
        D:8 |     710 |    3154 |  81.6 |      18 |      17 |  48.6
        D:9 |    2855 |       0 |   0.0 |      27 |       0 |   0.0
       D:10 |    1911 |    1295 |  40.4 |      22 |      18 |  45.0
       D:11 |     295 |    1002 |  77.3 |       4 |       1 |  20.0
    Ossuary |       0 |     174 | 100.0 |       0 |      36 | 100.0
     Bailey |       0 |    2712 | 100.0 |       0 |      20 | 100.0
            +---------+---------+-------+---------+---------+-------
